 Dungeon Crawl Stone Soup version 0.26-a0-712-ga5a9c9c9d0 (webtiles) character file.

Game seed: 12258482346379357545

634 kae the Changer (level 7, 0/57 HPs)
             Began as a Naga Transmuter on Nov 5, 2020.
             Slain by a ball python skeleton (1 damage)
             ... on level 4 of the Dungeon.
             The game lasted 00:04:16 (5160 turns).

kae the Changer (Naga Transmuter)                   Turns: 5160, Time: 00:04:17

Health: 0/57       AC:  2    Str: 14    XL:     7   Next: 49%
Magic:  9/12       EV: 16    Int: 13    God:
Gold:   262        SH:  0    Dex: 17    Spells: 9/13 levels left

rFire    . . .     SeeInvis +     - Unarmed
rCold    . . .     Faith    .   (shield currently unavailable)
rNeg     . . .     Spirit   .   (armour currently unavailable)
rPois    x         Reflect  .   (helmet currently unavailable)
rElec    .         Harm     .   (cloak currently unavailable)
rCorr    .         Rampage  .   (gloves currently unavailable)
MR       .....                  (no barding)
Stlth    ++........             (no amulet)
HPRegen  0.19/turn              (no ring)
MPRegen  0.13/turn              (no ring)

@: lethally poisoned (0 -> -9), spider-form, constricted
A: tiny, see invisible, spit poison 1, AC +2
a: Spit Poison, End Transformation


You were on level 4 of the Dungeon.
You were a venomous arachnid creature.
You visited 1 branch of the dungeon, and saw 4 of its levels.

You collected 262 gold pieces.

Inventory:

Armour
 a - a +0 robe (melded)
 g - a +1 barding (melded)
 n - a +0 cloak (melded)
Jewellery
 d - an uncursed ring of protection from fire
 k - a cursed ring of wizardry
Wands
 o - a wand of paralysis (3)
Scrolls
 b - a scroll of teleportation
 f - a scroll of amnesia
Potions
 c - 2 potions of curing
 e - a potion of magic
 h - a potion of lignification {unknown}
 i - a potion of cancellation {unknown}
 l - 2 potions of heal wounds
 m - a potion of brilliance {unknown}


   Skills:
 - Level 1.0 Fighting
 - Level 1.5 Dodging
 + Level 4.7 Unarmed Combat
 + Level 3.6 Spellcasting
 * Level 5.7 Transmutations
 - Level 3.0 Poison Magic


You had 9 spell levels left.
You knew the following spells:

 Your Spells              Type           Power        Failure   Level
a - Beastly Appendage     Tmut           ###...       8%          1
b - Spider Form           Tmut/Pois      ##........   26%         3

Your spell library contained the following spells:

 Spells                   Type           Power        Failure   Level
 Wereblood                Tmut           ###.....     11%         2
 Magic Dart               Conj           #...         43%         1
 Blink                    Tloc           N/A          54%         2
 Call Imp                 Summ           #.......     54%         2
 Slow                     Hex            #.......     54%         2
 Mephitic Cloud           Conj/Pois/Air  #.......     63%         3
 Blade Hands              Tmut           ###.......   71%         5
 Conjure Flame            Conj/Fire      #.......     75%         3
 Ice Form                 Ice/Tmut       #.......     75%         4


Dungeon Overview and Level Annotations

Branches:
Dungeon (4/15)
 Temple: D:4-7

Altars:
Fedhas
Okawaru
Yredelemnul

Shops:
D:4 =


Innate Abilities, Weirdness & Mutations

You cannot wear boots.
((Your serpentine skin is tough. (AC +2)))
You have supernaturally acute eyesight. (SInv)
((Armour fits poorly on your strangely shaped body.))
((Your system is resistant to poisons. (rPois)))
((You cover ground very slowly.))
You can spit poison.


Message History

Your +0 cloak melds into your body.
Your +1 barding melds into your body.
Your +0 robe melds into your body.
The adder hisses angrily.
The ball python skeleton closely misses you.
The ball python skeleton grabs you.
The ball python skeleton constricts you.
You closely miss the adder. The adder bites you.
* * * LOW HITPOINT WARNING * * *
You are poisoned.
The adder poisons you!
The ball python skeleton bites you but does no damage.
* * * LOW HITPOINT WARNING * * *
The ball python skeleton constricts you.
You barely miss the adder.
* * * LOW HITPOINT WARNING * * *
You feel sick. The adder completely misses you. The worker ant bites you!
* * * LOW HITPOINT WARNING * * *
The ball python skeleton bites you.
* * * LOW HITPOINT WARNING * * *
You die...

........# #.####.# #
.........## #.####.# #
...?......# #.##...# #
..........###.##...# #
............∩.§...# #
........#..#.##.Z.# #
#..........#oo.#
#..B.......#o..#
#.Zs.......#oo.#
.......S..............
........................
........................
........................
....[........>..........
#####..........#########
#..........


You could see a worker ant, an adder and a ball python skeleton.

Vanquished Creatures
  A black bear (D:4)
  An orc warrior (D:4)
  An orc priest (D:3)
  A centaur skeleton (D:4)
  An iguana (D:4)
  2 orc wizards (D:3)
  A worker ant (D:3)
  Robin (D:3)
  4 gnolls (D:3)
  10 adders
  An ooze (D:1)
  4 worms
  4 dart slugs
  9 leopard geckos
  9 orcs (D:3)
  4 ball pythons
  10 bats
  5 giant cockroaches
  11 hobgoblins
  2 quokkas
  6 frilled lizards
  20 goblins
  11 kobolds
  9 rats
128 creatures vanquished.

Notes
Turn   | Place    | Note
-------+----------+-------------------------------------------
     0 | D:1      | kae the Naga Transmuter began the quest for the Orb.
     0 | D:1      | Reached XP level 1. HP: 18/18 MP: 3/3
    77 | D:1      | Reached XP level 2. HP: 15/25 MP: 1/5
   645 | D:1      | Reached skill level 3 in Transmutations
   645 | D:1      | Reached XP level 3. HP: 15/31 MP: 4/6
   650 | D:1      | Learned a level 3 spell: Spider Form
  1899 | D:2      | Reached skill level 1 in Poison Magic
  2146 | D:2      | Reached XP level 4. HP: 33/38 MP: 7/7
  2670 | D:2      | Found an iron altar of Okawaru.
  2706 | D:2      | Reached XP level 5. HP: 16/44 MP: 3/8
  3099 | D:2      | Found a basalt altar of Yredelemnul.
  3473 | D:3      | Noticed Robin
  3481 | D:3      | Killed Robin
  3608 | D:3      | Reached skill level 4 in Transmutations
  3726 | D:3      | Reached XP level 6. HP: 23/51 MP: 7/10
  4062 | D:3      | Found a blossoming altar of Fedhas.
  4762 | D:4      | Reached skill level 5 in Transmutations
  4908 | D:4      | Noticed a black bear
  4920 | D:4      | Killed a black bear
  4920 | D:4      | Reached XP level 7. HP: 35/57 MP: 8/12
  5126 | D:4      | Found Mobaokk's Jewellery Emporium.
  5160 | D:4      | HP: 2/57 [worker ant (7)]
  5160 | D:4      | Slain by a ball python skeleton

Illustrated notes

Levels and vault maps discovered:
D:1:      minmay_arrival_four_circles, layout_basic
D:2:      minmay_spotlight, layout_basic, old_standard_altar,
          overflow_temple_1_default
D:3:      layout_loops_ring, lemuel_coloured_pillars_altar, minmay_quantized,
          uniq_robin
D:4:      black_bear_nest_2, layout_basic, minmay_temple_entry_crystal_x,
          serial_shops, shop

Skill      XL: |  1  2  3  4  5  6 |
---------------+-------------------+-----
Transmutations | 3 4 5 |  5.7
Poison Magic   | 1 2 3 |  3.0
Unarmed Combat | 4 |  4.7
Spellcasting   | 3 |  3.6
Fighting       | |  1.0
Dodging        | |  1.5

Action                   |  1- 3 |  4- 6 |  7- 9 || total
-------------------------+-------+-------+-------++-------
Melee: Unarmed           |   118 |   203 |    14 ||   335
       Headbutt          |    10 |     1 |       ||    11
       Punch             |       |     2 |       ||     2
 Cast: Beastly Appendage |    19 |     5 |       ||    24
       Spider Form       |     1 |    14 |     3 ||    18
 Abil: Spit Poison       |    23 |    28 |     2 ||    53
  Use: Potion            |     2 |       |     1 ||     3
       Scroll            |       |     8 |     1 ||     9
 Stab: Sleeping          |     1 |     1 |       ||     2
Armor: Robe              |    59 |    43 |     4 ||   106
       Skin              |       |    16 |     2 ||    18
Dodge: Dodged            |    89 |   136 |    16 ||   241

Table legend: (Time is in decaauts)
 A = Elapsed time spent in this place.
 B = Non-inter-level travel time spent in this place.
 C = Inter-level travel time spent in this place.
 D = Time resting spent in this place.
 E = Time spent auto-exploring this place.
 F = Levels seen in this place.
 G = Mean time per level.
                   A        B        C        D        E       F      G
               +--------+--------+--------+--------+--------+-----+--------+
         Total |   5991 |   5793 |    198 |    184 |   4733 |   4 | 1497.8 |
       Dungeon |   5991 |   5793 |    198 |    184 |   4733 |   4 | 1497.8 |
               +--------+--------+--------+--------+--------+-----+--------+

Top non-repeatable levels by time:
     D:1: 2132 daAuts
     D:3: 1703 daAuts
     D:2: 1678 daAuts
     D:4: 476 daAuts
